 Dungeon Crawl Stone Soup version 0.29-a0-813-g4a14ea37d6 (webtiles) character file.

Game seed: 2141079535369778566

4 wilfster70 the Gusty (level 1, -1/14 HPs)
             Began as a Draconian Air Elementalist on July 4, 2022.
             Killed by nerve-wracking pain
             ... invoked by Jessica
              (13 damage)
             ... on level 2 of the Dungeon.
             The game lasted 00:01:13 (492 turns).

wilfster70 the Gusty (Draconian Air Elementalist)    Turns: 492, Time: 00:01:14

Health: -1/14      AC:  4    Str: 10    XL:     1   Next: 50%
Magic:  3/3        EV: 12    Int: 15    God:
Gold:   15         SH:  0    Dex: 11    Spells: 3/4 levels left

rFire   . . .      SeeInvis .   (no weapon)
rCold   . . .      Faith    .   (no shield)
rNeg    . . .      Spirit   .   (body armour unavailable)
rPois   .          Reflect  .   (helmet restricted)
rElec   .          Harm     .   (no cloak)
rCorr   .          Rampage  .   (no gloves)
Will    .....                   (no boots)
Stlth   ++........              (no amulet)
HPRegen 0.04/turn               (no ring)
MPRegen 0.08/turn               (no ring)

@: no status effects
A: AC +4, unfitting armour, cold-blooded
a: no special abilities


You were on level 2 of the Dungeon.
You visited 1 branch of the dungeon, and saw 2 of its levels.

You collected 15 gold pieces.

Inventory:

Potions
 a - a potion of magic


   Skills:
 - Level 1.7 Dodging
 - Level 1.7 Stealth
 + Level 2.1 Spellcasting
 + Level 1.2 Conjurations
 + Level 3.0 Air Magic


You had 3 spell levels left.
You knew the following spells:

 Your Spells              Type           Power      Damage    Failure   Level
a - Shock                 Conj/Air       32%        1d5       9%          1

Your spell library contained the following spells:

 Spells                   Type           Power      Damage    Failure   Level
 Static Discharge         Conj/Air       8%         3-4/arc   14%         2
 Swiftness                Air            10%        N/A       19%         3
 Apportation              Tloc           2%         N/A       22%         1
 Necrotise                Necr           4%         1d4       22%         1
 Summon Small Mammal      Summ           4%         N/A       22%         1
 Airstrike                Air            5%         0-3+      52%         4


Dungeon Overview and Level Annotations

Branches:
Dungeon (1/15)

Altars:

Annotations:
D:2 Jessica, Robin


Innate Abilities, Weirdness & Mutations

Your plain brown scales are hard. (AC +4)
You cannot fit into any form of body armour.
You are cold-blooded and may be slowed by cold attacks.


Message History

Press: ? - help, Shift-Dir - straight line, f/p - endoplasm
Aim: an endoplasm (almost dead, 97% to hit)
The zap hits the endoplasm.
You kill the endoplasm!
You start resting.
Magic restored.
You start resting.
HP restored.
A sourceless malevolence fills the Dungeon...
You fall into a shaft and drop 1 floor!
The shaft crumbles and collapses.
Found 15 gold pieces.
You now have 15 gold pieces.
Found a book of Cantrips.
You pick up a book of Cantrips and begin reading...
You add the spells Necrotise, Summon Small Mammal and Apportation to your library.
Found a stone staircase leading up.
A goblin comes into view. It is wielding a +0 club.
A ball python comes into view.
Found a coppery potion.
A hobgoblin comes into view.
The hobgoblin shouts!
You hear a shout! x3
Robin, 3 goblins, Jessica and a ball python come into view.
Robin is wielding a +6 spear of freezing and carrying a wand of flame (8).
A goblin is wielding a +0 dagger of venom.
Jessica is wielding a +1 dagger of protection.
The goblin shouts!
Jessica shouts!
Robin shouts!
The hobgoblin shouts!
You hear a shout!
The goblin unwields a +0 dagger of venom.
It stops dripping with poison.
The goblin wields a +0 sling.
The goblin shoots a sling bullet.
The sling bullet hits you.
A hobgoblin comes into view.
The hobgoblin moves out of view.
A hobgoblin comes into view.
Found 16 gold pieces.
A hobgoblin comes into view.
The hobgoblin moves out of view.
An adder comes into view.
Jessica casts a spell at you. Pain shoots through your body!
Ouch! That really hurt!
You die...

.##.... ##
....... #.
....S#. #.
#.....$
#.#...@.# .
.#####..#....#..
..gg...!......#
Sgg.....@.# #.#
gggg....#.##.# #
.#.####.#.#.# #
##...# # ##..# #
##.# ##########
#.# #.......##
#.# #.......##
#.#####.#####.##


You could see Robin, Jessica, 3 hobgoblins, 3 goblins and a ball python
(wandering).

Vanquished Creatures
  3 bats (D:1)
  An endoplasm (D:1)
4 creatures vanquished.

Vanquished Creatures (others)
  2 plants (D:1)
2 creatures vanquished.

Grand Total: 6 creatures vanquished

Notes
Turn   | Place    | Note
-------+----------+-------------------------------------------
     0 | D:1      | wilfster70 the Draconian Air Elementalist began the quest
                  | for the Orb.
     0 | D:1      | Reached XP level 1. HP: 14/14 MP: 3/3
   436 | D:1      | You fall into a shaft and drop 1 floor!
   490 | D:2      | Noticed Robin
   490 | D:2      | Noticed Jessica
   492 | D:2      | Killed from afar by Jessica

Illustrated notes

Levels and vault maps discovered:
D:1:      denvon_arrival_planthouse, layout_loops_corners
D:2:      layout_loops_cross, serial_park_tiny_2, minmay_fountain_box,
          uniq_terence, uniq_robin, uniq_jessica

Action                   || total
-------------------------++-------
Melee: Unarmed           ||     2
       Punch             ||     1
 Cast: Shock             ||     8
Armor: Skin              ||     3
Dodge: Dodged            ||     7

Table legend: (Time is in decaauts)
 A = Elapsed time spent in this place.
 B = Non-inter-level travel time spent in this place.
 C = Inter-level travel time spent in this place.
 D = Time resting spent in this place.
 E = Time spent auto-exploring this place.
 F = Levels seen in this place.
 G = Mean time per level.
                   A        B        C        D        E       F      G
               +--------+--------+--------+--------+--------+-----+--------+
         Total |    493 |    493 |      0 |    370 |     30 |   2 |  246.5 |
       Dungeon |    493 |    493 |      0 |    370 |     30 |   2 |  246.5 |
               +--------+--------+--------+--------+--------+-----+--------+

Top non-repeatable levels by time:
     D:1: 438 daAuts
     D:2: 55 daAuts
